 Dungeon Crawl Stone Soup version 0.18-a0-1542-g9c1a92e (webtiles) character file.

1108 namelastname112 the Martial Artist (level 8, -7/63 HPs)
             Began as a White Draconian Monk on Mar 10, 2016.
             Killed by divine providence
             ... invoked by an orc priest
              (15 damage)
             ... on level 5 of the Dungeon.
             The game lasted 00:06:37 (3744 turns).

namelastname112 the Martial Artist (DrMo)           Turns: 3744, Time: 00:06:37

Health: -7/63      AC:  8    Str: 17    XL:     8   Next: 11%
Magic:  8/8        EV: 13    Int: 10    God:
Gold:   193        SH:  0    Dex: 16    Spells: 0 memorised, 7 levels left

rFire  . . .     SeeInvis .       - Unarmed
rCold  + + .     Gourm    .     (armour unavailable)
rNeg   . . .     Faith    .     (no shield)
rPois  .         Spirit   .     (helmet restricted)
rElec  .         Dismiss  .     s - +0 cloak
rCorr  .         Reflect  .     x - +0 pair of gloves
SustAt .         Harm     .     (no boots)
MR     .....                    (no amulet)
Stlth  ++........               v - +3 ring of strength
                                e - ring of protection from cold

@: not resistant to hostile enchantments, unstealthy
A: breathe frost, unfitting armour, cold resistance 1, cold-blooded, AC +6
a: Breathe Frost


You were on level 5 of the Dungeon.
You were not hungry.

You visited 1 branch of the dungeon, and saw 5 of its levels.

You collected 193 gold pieces.

Inventory:

Missiles
 h - 2 throwing nets (quivered)
Armour
 s - a +0 cloak (worn)
 x - a +0 pair of gloves (worn)
Jewellery
 e - a ring of protection from cold (left hand)
 v - a +3 ring of strength (right hand)
 w - an uncursed ring of wizardry
Wands
 k - a wand of random effects (5/48)
 r - a wand of slowing (15/48)
Scrolls
 c - a scroll of teleportation {unknown}
 d - a scroll of fear {unknown}
 f - a scroll of enchant armour {unknown}
 i - 2 scrolls of identify {unknown}
 n - a scroll of random uselessness {unknown}
 o - 2 scrolls of recharging {unknown}
 p - 4 scrolls of amnesia {unknown}
 t - a scroll of remove curse {unknown}
 u - 2 scrolls of magic mapping {unknown}
Potions
 b - 2 potions of degeneration {unknown}
 g - 2 potions of curing {unknown}
 j - a potion of berserk rage {unknown}
 l - a potion of cancellation {unknown}
 m - a potion of haste
 z - 2 potions of mutation {unknown}
Comestibles
 a - 6 bread rations
 q - 2 meat rations


   Skills:
 - Level 3.2 Fighting
 - Level 2.6 Dodging
 - Level 1.7 Stealth
 + Level 10.3 Unarmed Combat


You had 7 spell levels left.
You didn't know any spells.

Dungeon Overview and Level Annotations

Branches:
Dungeon (5/15)
 Temple: D:4-7

Altars:
Pakellas
Qazlal
Sif Muna
Trog
Vehumet
Yredelemnul


Innate Abilities, Weirdness & Mutations

You can breathe waves of freezing cold.
You can buffet flying creatures when you breathe cold.
Your icy white scales are hard (AC +6).
Your body does not fit into most forms of armour.
Your flesh is cold resistant.
You are cold-blooded and may be slowed by cold attacks.


Message History

Unknown command.
The orc wizard barely misses you.
You have got your breath back.
The orc wizard mumbles some strange words.
The orc wizard flickers and vanishes!
Deactivating autopickup; reactivate with Ctrl-A.
Throwing (i - inventory):
h - 3 throwing nets (quivered)
Press: ? - help, Shift-Dir - straight line, f - ice beast
Aim: an ice beast You throw a throwing net.
The throwing net hits the ice beast.
The ice beast is caught in the net!
The ice beast struggles against the net.
The orc priest calls down the wrath of Beogh upon you.
Beogh smites you!
* * * LOW HITPOINT WARNING * * *
The ice beast struggles against the net.
The ice beast struggles against the net.
The orc priest invokes the aid of Beogh against you.
Beogh smites you!
You die...

...##.###..# #..###.###..#o####..
...##..##..###..##.o.Yo..#......$
....#...##..#..##..#####.#......>
....#............Y..# ####.###..
....#...##..........+ .). .
....##'###..##.#....# #+#.
.................#+##### ...#
...###.###.....#.#..... ......
...# #...+.....'@#...# .....#
...# #.###.....#.#...# (....#
.... ......#####'#...## .....####
.......... #....)....###........
...###### #....................
.... #...................
+...............###
#...............#
#.........##....#


You could see an ice beast and an orc priest.

Vanquished Creatures
  Sigmund (D:2)
  3 ogres
  A water moccasin skeleton (D:4)
  2 scorpions
  A crimson imp (D:5)
  Crazy Yiuf (D:3)
  2 hounds
  An orc wizard (D:4)
  Jessica (D:2)
  Natasha (thrice) (D:3)
  An iguana (D:5)
  3 worker ants
  A hound skeleton (D:4)
  Robin (D:2)
  4 adders
  3 gnolls (D:4)
  A shadow imp (D:5)
  An adder skeleton (D:4)
  A worm (D:3)
  3 dart slugs
  3 giant geckos
  6 orcs
  3 ball pythons (D:1)
  4 giant cockroaches
  18 goblins
  4 hobgoblins
  7 jackals
  A ball python skeleton (D:4)
  A ball python zombie (D:5)
  6 bats
  6 giant newts
  6 kobolds
  5 rats
105 creatures vanquished.

Notes
Turn   | Place    | Note
--------------------------------------------------------------
     0 | D:1      | namelastname112 the Draconian Monk began the quest for the Orb.
     0 | D:1      | Reached XP level 1. HP: 19/19 MP: 1/1
     2 | D:1      | Noticed a troll
     2 | D:1      | Noticed a spriggan
     4 | D:1      | Noticed a ghoul
     6 | D:1      | Noticed a felid
     6 | D:1      | Noticed a merfolk
     8 | D:1      | Noticed a formicid
     8 | D:1      | Noticed an ogre
    10 | D:1      | Noticed a human
    10 | D:1      | Noticed a gargoyle
    12 | D:1      | Noticed an elf
    12 | D:1      | Noticed a vine stalker
    14 | D:1      | Noticed a vampire
    14 | D:1      | Noticed an octopode
    16 | D:1      | Noticed a dwarf
    16 | D:1      | Noticed a halfling
    18 | D:1      | Noticed a centaur
    18 | D:1      | Noticed a tengu
    21 | D:1      | Noticed a demigod
    23 | D:1      | Noticed a minotaur
    25 | D:1      | Noticed a demonspawn
    25 | D:1      | Noticed a naga
    27 | D:1      | Noticed a draconian
   260 | D:1      | Reached XP level 2. HP: 21/26 MP: 2/2
   467 | D:2      | Noticed Robin
   790 | D:2      | Reached skill level 5 in Unarmed Combat
   790 | D:2      | Reached XP level 3. HP: 25/31 MP: 3/3
   995 | D:2      | Killed Robin
  1129 | D:2      | Noticed Sigmund
  1138 | D:2      | Killed Sigmund
  1138 | D:2      | Reached skill level 6 in Unarmed Combat
  1138 | D:2      | Reached XP level 4. HP: 38/38 MP: 4/4
  1138 | D:2      | Reached XP level 5. HP: 45/45 MP: 5/5
  1169 | D:2      | Found a stormy altar of Qazlal.
  1269 | D:2      | Reached skill level 7 in Unarmed Combat
  1403 | D:2      | Noticed Jessica
  1412 | D:2      | Killed Jessica
  1693 | D:3      | Noticed Natasha
  1701 | D:3      | Killed Natasha
  1701 | D:3      | Reached XP level 6. HP: 39/51 MP: 6/6
  1928 | D:3      | Noticed Natasha
  1934 | D:3      | Killed Natasha
  1960 | D:3      | Noticed Natasha
  1981 | D:3      | Killed Natasha
  2084 | D:3      | Noticed Crazy Yiuf
  2091 | D:3      | Killed Crazy Yiuf
  2323 | D:3      | Reached skill level 8 in Unarmed Combat
  2472 | D:3      | Found an oddly glowing altar of Pakellas.
  2476 | D:3      | Found a basalt altar of Yredelemnul.
  2599 | D:4      | koboldina: I did something very stupid
  2599 | D:4      | koboldina: could you take a look at my screen
  2717 | D:4      | Your scales start taking on an icy white colour.
  2717 | D:4      | Reached XP level 7. HP: 41/57 MP: 7/7
  2717 | D:4      | Gained mutation: Your flesh is cold resistant. [White Draconian growth]
  2831 | D:4      | Reached skill level 9 in Unarmed Combat
  3401 | D:5      | Entered Level 5 of the Dungeon
  3559 | D:5      | Reached skill level 10 in Unarmed Combat
  3615 | D:5      | Reached XP level 8. HP: 51/63 MP: 8/8
  3672 | D:5      | Found a bloodstained altar of Trog.
  3672 | D:5      | Found a radiant altar of Vehumet.
  3673 | D:5      | Found a deep blue altar of Sif Muna.
  3744 | D:5      | Killed from afar by an orc priest

Vault maps used:
D:1:      kb_arrival_jail
D:2:      minmay_crystal_room, grunt_qazlal_sundering, uniq_jessica,
          uniq_sigmund, uniq_robin
D:3:      nicolae_overflow_hidden_temple, minitemple, uniq_crazy_yiuf_cottage,
          uniq_natasha
D:4:      minmay_opposing_rooms
D:5:      gammafunk_temple_overflow_claw, kennysheep_little_box, first_bread,
          vehumet_altar_wand_db

Skill      XL: |  1  2  3  4  5  6  7 |
---------------+----------------------+-----
Unarmed Combat | 5 6 7 8 10 | 10.3
Fighting       | |  3.2
Dodging        | |  2.6
Stealth        | |  1.7

Action                   |  1- 3 |  4- 6 |  7- 9 || total
-------------------------+-------+-------+-------++-------
Melee: Unarmed           |   106 |   144 |    94 ||   344
Throw: Throwing net      |       |       |     1 ||     1
 Abil: Breathe Frost     |       |       |     5 ||     5
Evoke: Wand              |     3 |     7 |       ||    10
  Use: Potion            |     1 |       |       ||     1
 Stab: Sleeping          |     1 |     2 |     1 ||     4
       Paralysed         |     4 |       |       ||     4
  Eat: Chunk             |     1 |     5 |     2 ||     8
       Meat ration       |       |       |     1 ||     1
